AoeStats
← tom

Arabian Desert

510342714Analyzed
1v1 RM · 23h ago on Sep 30, 2026· 41m 43s· 2 players
Game mode
Random Map
Map size
Tiny (2 player)
Population
200
Speed
Normal
Resources
Standard
Victory
Conquest
Starting age
Dark Age
Ending age
Imperial Age
RankedLock teamsTeams togetherTeam positionsShared explorationLock speedFull tech treeHidden civsTurbo modeCheats
Victory
Defeat
🇧🇪 Bulgarians · Belgium
920
+16
🇩🇪 Persians · Germany
916
-16
Gustav456
7:15 Loom
9:42 Feudal Age
10:33 Double-Bit Axe
14:06 Fletching
20:54 Wheelbarrow
20:43 Padded Archer Armor
24:23 Castle Age
28:35 Bow Saw
32:51 Hand Cart
33:40 Town Watch
33:48 Gold Mining
34:51 Scale Barding Armor
35:46 Forging
36:30 Husbandry
41:36 Chain Barding Armor
tom
6:46 Loom
10:06 Feudal Age
11:26 Double-Bit Axe
14:26 Forging
14:58 Horse Collar
20:40 Castle Age
20:50 Fletching
25:05 Scale Barding Armor
28:17 Elite Skirmisher
30:13 Wheelbarrow
30:34 Pikeman
31:57 Bloodlines
32:20 Hand Cart
38:06 Imperial Age
36:53 Bow Saw
36:49 Stirrups
38:07 Iron Casting
37:39 Gold Mining
38:20 Stone Mining
39:23 Halberdier
40:07 Squires
41:48 Chain Barding Armor
42:28 Blast Furnace
Connection lost

Rejoining the realm…

Still unreachable

The connection could not be restored.

Session expired

The server has moved on; the page needs a fresh start.